TOP OF THE 1ST |
Waba Ducks batting - Pitching for Wisconsin Timber Rattlers : LHP Carlos Berru
|
Pitching: LHP Carlos Berru
|
|
Batting: SHB Ed Hunter
|
0-0: Ball 1-0: Swinging Strike 1-1: Swinging Strike 1-2: Ball 2-2: Ball 3-2: Ground out 5-3 (Groundball, 56)
|
Batting: RHB Enrico Ramos
|
0-0: Called Strike 0-1: Ball 1-1: Called Strike 1-2: Foul Ball, location: 2F 1-2: Ball 2-2: Ball 3-2: Fly out, F2 (Popup, 3S)
|
Batting: LHB José Román
|
0-0: Ball 1-0: Swinging Strike 1-1: Swinging Strike 1-2: Foul Ball, location: 2F 1-2: Strikes out looking
|
Top of the 1st over - 0 run(s), 0 hit(s), 0 error(s), 0 left on base; Waba 0 - Wisconsin 0 |
BOTTOM OF THE 1ST |
Wisconsin Timber Rattlers batting - Pitching for Waba Ducks : LHP Tim Jenkins
|
Pitching: LHP Tim Jenkins
|
|
Batting: RHB Greg King
|
0-0: Ball 1-0: Fly out, F8 (Flyball, 8LS)
|
Batting: SHB Ricardo Arévalo
|
0-0: Ball 1-0: Ground out 4-3 (Groundball, 4)
|
Batting: RHB Dick Slagboom
|
0-0: Ball 1-0: Ball 2-0: Fly out, F5 (Line Drive, 5)
|
Bottom of the 1st over - 0 run(s), 0 hit(s), 0 error(s), 0 left on base; Waba 0 - Wisconsin 0 |
TOP OF THE 2ND |
Waba Ducks batting - Pitching for Wisconsin Timber Rattlers : LHP Carlos Berru
|
Batting: RHB Chris Osborn
|
0-0: Swinging Strike 0-1: Called Strike 0-2: Strikes out swinging
|
Batting: RHB Ed Small
|
0-0: Ball 1-0: Ball 2-0: Ball 3-0: Called Strike 3-1: Called Strike 3-2: Fly out, F7 (Flyball, 78S)
|
Batting: RHB Jeremy Flemming
|
0-0: Ball 1-0: Called Strike 1-1: SOLO HOME RUN (Flyball, 8RXD), Distance : 412 ft
|
Batting: RHB Ángelo García
|
0-0: SINGLE (Groundball, 34D)
|
Batting: RHB Pedro Molina
|
0-0: Foul Ball, location: 2F 0-1: Fly out, F8 (Flyball, 8LM)
|
Top of the 2nd over - 1 run(s), 2 hit(s), 0 error(s), 1 left on base; Waba 1 - Wisconsin 0 |
BOTTOM OF THE 2ND |
Wisconsin Timber Rattlers batting - Pitching for Waba Ducks : LHP Tim Jenkins
|
Batting: RHB Vicente Vélez
|
0-0: Ball 1-0: Ball 2-0: Called Strike 2-1: Ball 3-1: Called Strike 3-2: Foul Ball, location: 2F 3-2: Base on Balls
|
Batting: LHB Raúl Casillán
|
0-0: Ball 1-0: Ball 2-0: Called Strike 2-1: DOUBLE (Line Drive, 3D) Vicente Vélez to third
|
Batting: RHB William Farmer
|
0-0: Ball 1-0: SINGLE (Groundball, 6MD) Vicente Vélez scores Raúl Casillán to third Runner from 3rd tries for Home, SAFE, throw made home William Farmer to second
|
Now in CF: Reynaldo Gallegos
|
|
Batting: RHB Fraser Stanton
|
0-0: Ball 1-0: Called Strike 1-1: Foul Ball, location: 2F 1-2: Ball 2-2: Foul Ball, location: 2F 2-2: SINGLE (Groundball, 34D) William Farmer to third
|
Batting: RHB Miguel Hernández
|
0-0: Foul Ball, location: 2F 0-1: Ball 1-1: Ball 2-1: Swinging Strike 2-2: Strikes out looking
|
Batting: RHB Danny Campbell
|
0-0: Ball 1-0: Foul Ball, location: 2F 1-1: Ball 2-1: Fly out, F4 (Popup, 4MS)
|
Batting: RHB Greg King
|
0-0: Ball 1-0: Fielders Choice at 2nd, U6 (Groundball, 6M)
|
Bottom of the 2nd over - 2 run(s), 3 hit(s), 0 error(s), 2 left on base; Waba 1 - Wisconsin 2 |
TOP OF THE 3RD |
Waba Ducks batting - Pitching for Wisconsin Timber Rattlers : LHP Carlos Berru
|
Batting: RHB António Valdéz
|
0-0: Ball 1-0: SOLO HOME RUN (Flyball, 78XD), Distance : 401 ft
|
Batting: SHB Ed Hunter
|
0-0: Ground out 5-3 (Groundball, 56S)
|
Batting: RHB Enrico Ramos
|
0-0: Ball 1-0: Foul Ball, location: 2F 1-1: Ball 2-1: Foul Ball, location: 2F 2-2: Strikes out swinging
|
Batting: LHB José Román
|
0-0: Ball 1-0: Ball 2-0: Called Strike 2-1: SINGLE (Line Drive, 8RM)
|
Batting: RHB Chris Osborn
|
0-0: Swinging Strike 0-1: Ball 1-1: Swinging Strike 1-2: Strikes out swinging
|
Top of the 3rd over - 1 run(s), 2 hit(s), 0 error(s), 1 left on base; Waba 2 - Wisconsin 2 |
BOTTOM OF THE 3RD |
Wisconsin Timber Rattlers batting - Pitching for Waba Ducks : LHP Tim Jenkins
|
Batting: SHB Ricardo Arévalo
|
0-0: Ball 1-0: Swinging Strike 1-1: Fly out, F4 (Line Drive, 34)
|
Batting: RHB Dick Slagboom
|
0-0: Called Strike 0-1: Called Strike 0-2: Foul Ball, location: 2F 0-2: Ball 1-2: Ball 2-2: Fly out, F8 (Flyball, 8LXD)
|
Batting: RHB Vicente Vélez
|
0-0: Foul Ball, location: 2F 0-1: SINGLE (Line Drive, 4D)
|
Batting: LHB Raúl Casillán
|
0-0: Foul Ball, location: 2F 0-1: Called Strike 0-2: Strikes out swinging
|
Bottom of the 3rd over - 0 run(s), 1 hit(s), 0 error(s), 1 left on base; Waba 2 - Wisconsin 2 |
TOP OF THE 4TH |
Waba Ducks batting - Pitching for Wisconsin Timber Rattlers : LHP Carlos Berru
|
Batting: RHB Ed Small
|
0-0: Ball 1-0: Ball 2-0: Foul Ball, location: 2F 2-1: Ball 3-1: Base on Balls
|
Batting: SHB Reynaldo Gallegos
|
0-0: SINGLE (Line Drive, 56) Ed Small to second
|
Batting: RHB Ángelo García
|
0-0: Ball 1-0: SINGLE (Line Drive, 34D) Ed Small to third Reynaldo Gallegos to second
|
Batting: RHB Pedro Molina
|
0-0: Called Strike 0-1: Ball 1-1: Ball 2-1: Called Strike 2-2: Ball 3-2: Base on Balls Ed Small scores Reynaldo Gallegos to third Ángelo García to second
|
Batting: RHB António Valdéz
|
0-0: SINGLE (Groundball, 6MD) Reynaldo Gallegos scores Ángelo García to third Pedro Molina to second
|
Batting: SHB Ed Hunter
|
0-0: Ball 1-0: Ball 2-0: Ball 3-0: Base on Balls Ángelo García scores Pedro Molina to third António Valdéz to second
|
Batting: RHB Enrico Ramos
|
0-0: Ball 1-0: DOUBLE (Flyball, 89M) Pedro Molina scores António Valdéz scores Ed Hunter to third
|
Pitching: RHP Mike Brown
|
|
Batting: LHB José Román
|
0-0: Ball 1-0: Ball 2-0: Swinging Strike 2-1: Fly out, F7 (Flyball, 7S)
|
Batting: RHB Chris Osborn
|
0-0: Ball 1-0: Ball 2-0: Called Strike 2-1: Ball 3-1: SINGLE (Groundball, 56S) (infield hit) Ed Hunter scores Enrico Ramos to third
|
Batting: RHB Ed Small
|
0-0: Ball
|
|
|
|
1-0: Ball 2-0: Ball 3-0: Base on Balls Chris Osborn to second
|
Batting: SHB Reynaldo Gallegos
|
0-0: Ball 1-0: Fly out, F9 (Flyball, 9S)
|
Batting: RHB Ángelo García
|
0-0: Fielders Choice at 2nd, 5-4 (Groundball, 56)
|
Top of the 4th over - 6 run(s), 5 hit(s), 0 error(s), 2 left on base; Waba 8 - Wisconsin 2 |
BOTTOM OF THE 4TH |
Wisconsin Timber Rattlers batting - Pitching for Waba Ducks : LHP Tim Jenkins
|
Batting: RHB William Farmer
|
0-0: Called Strike 0-1: DOUBLE (Flyball, 9LD)
|
Batting: RHB Fraser Stanton
|
0-0: Swinging Strike 0-1: Ball 1-1: Ground out 6-3 (Groundball, 6)
|
Batting: RHB Miguel Hernández
|
0-0: Called Strike 0-1: Foul Ball, location: 2F 0-2: Ball 1-2: Ball 2-2: Ground out 6-3 (Groundball, 6)
|
Batting: RHB Danny Campbell
|
0-0: Ball 1-0: Reached on error, E3 (Groundball, 34) William Farmer to third
|
Batting: RHB Greg King
|
0-0: DOUBLE (Flyball, 9LM) William Farmer scores Danny Campbell to third Runner from 3rd tries for Home, throw and OUT!
|
Bottom of the 4th over - 1 run(s), 2 hit(s), 1 error(s), 1 left on base; Waba 8 - Wisconsin 3 |
TOP OF THE 5TH |
Waba Ducks batting - Pitching for Wisconsin Timber Rattlers : RHP Mike Brown
|
Batting: RHB Pedro Molina
|
0-0: Swinging Strike 0-1: Ball 1-1: Ball 2-1: Foul Ball, location: 2F 2-2: Ball 3-2: Foul Ball, location: 2F 3-2: Base on Balls
|
Batting: RHB António Valdéz
|
0-0: Ball 1-0: Called Strike 1-1: Ball 2-1: Fielders Choice at 2nd, 3-6 (Groundball, 34)
|
Pitching: RHP Andy Parker
|
|
Batting: SHB Ed Hunter
|
0-0: Ball 1-0: Ball 2-0: Ball 3-0: Called Strike 3-1: Called Strike 3-2: Foul Ball, location: 2F 3-2: Strikes out swinging
|
Batting: RHB Enrico Ramos
|
0-0: Called Strike 0-1: Foul Ball, location: 2F 0-2: Ball 1-2: Ball 2-2: Ball 3-2: SINGLE (Groundball, 15S) (infield hit) António Valdéz to second
|
Batting: LHB José Román
|
0-0: Ball 1-0: Ball 2-0: SINGLE (Groundball, 4MD) António Valdéz to third Enrico Ramos to second Runner from 3rd tries for Home, SAFE, no throw
|
Batting: RHB Chris Osborn
|
0-0: Ball 1-0: Ball 2-0: Swinging Strike 2-1: Foul Ball, location: 2F 2-2: Fly out, F8 (Flyball, 8RS)
|
Top of the 5th over - 1 run(s), 2 hit(s), 0 error(s), 2 left on base; Waba 9 - Wisconsin 3 |
BOTTOM OF THE 5TH |
Wisconsin Timber Rattlers batting - Pitching for Waba Ducks : LHP Tim Jenkins
|
Batting: SHB Ricardo Arévalo
|
0-0: Called Strike 0-1: Called Strike 0-2: Ball 1-2: Ball 2-2: Strikes out swinging
|
Batting: RHB Dick Slagboom
|
0-0: Called Strike 0-1: Foul Ball, location: 2F 0-2: Foul Ball, location: 2F 0-2: Ball 1-2: Foul Ball, location: 2F 1-2: Ball 2-2: Ball 3-2: Fly out, F8 (Flyball, 8LS)
|
Batting: RHB Vicente Vélez
|
0-0: Ball 1-0: Called Strike 1-1: Ball 2-1: SINGLE (Line Drive, 8LS)
|
Batting: LHB Raúl Casillán
|
0-0: Swinging Strike 0-1: Foul Ball, location: 2F 0-2: Strikes out swinging
|
Bottom of the 5th over - 0 run(s), 1 hit(s), 0 error(s), 1 left on base; Waba 9 - Wisconsin 3 |
TOP OF THE 6TH |
Waba Ducks batting - Pitching for Wisconsin Timber Rattlers : RHP Andy Parker
|
Batting: RHB Ed Small
|
0-0: Ground out 5-3 (Groundball, 56)
|
Batting: SHB Reynaldo Gallegos
|
0-0: Called Strike 0-1: Foul Ball, location: 2F 0-2: Ball 1-2: Hit by Pitch
|
Batting: RHB Ángelo García
|
0-0: Ball Reynaldo Gallegos steals 2nd base 1-0: Ball 2-0: Fly out, F6 (Line Drive, 6)
|
Batting: RHB Pedro Molina
|
0-0: Ball 1-0: Called Strike 1-1: Ground out 5-3 (Groundball, 56)
|
Top of the 6th over - 0 run(s), 0 hit(s), 0 error(s), 1 left on base; Waba 9 - Wisconsin 3 |
BOTTOM OF THE 6TH |
Wisconsin Timber Rattlers batting - Pitching for Waba Ducks : LHP Tim Jenkins
|
Batting: RHB William Farmer
|
0-0: Ball 1-0: Ball 2-0: Called Strike 2-1: SINGLE (Line Drive, 6MD)
|
Batting: RHB Fraser Stanton
|
0-0: Called Strike 0-1: Foul Ball, location: 2F 0-2: Ball 1-2: Ball 2-2: Foul Ball, location: 2F 2-2: Foul Ball, location: 2F 2-2: SINGLE (Groundball, 6MD) William Farmer to second Runner from 2nd tries for 3rd, OUT after rundown.
|
Batting: RHB Miguel Hernández
|
0-0: Foul Ball, location: 2F 0-1: Ball 1-1: Swinging Strike 1-2: Ball 2-2: Grounds into double play, 6-4-3 (Groundball, 6)
|
Bottom of the 6th over - 0 run(s), 2 hit(s), 0 error(s), 0 left on base; Waba 9 - Wisconsin 3 |
TOP OF THE 7TH |
Waba Ducks batting - Pitching for Wisconsin Timber Rattlers : RHP Andy Parker
|
Batting: RHB António Valdéz
|
0-0: Called Strike 0-1: Ball 1-1: Called Strike 1-2: Ground out 6-3 (Groundball, 56)
|
Batting: SHB Ed Hunter
|
0-0: Ball 1-0: Ground out U3 (Groundball, 3L)
|
Batting: RHB Enrico Ramos
|
0-0: Ground out 6-3 (Groundball, 6)
|
Top of the 7th over - 0 run(s), 0 hit(s), 0 error(s), 0 left on base; Waba 9 - Wisconsin 3 |
BOTTOM OF THE 7TH |
Wisconsin Timber Rattlers batting - Pitching for Waba Ducks : LHP Francisco Flores
|
Pitching: LHP Francisco Flores
|
|
Batting: RHB Danny Campbell
|
0-0: Ball 1-0: Ball 2-0: Called Strike 2-1: Swinging Strike 2-2: Ball 3-2: Strikes out swinging
|
Batting: RHB Greg King
|
0-0: Ball 1-0: Ball 2-0: Foul Ball, location: 2F 2-1: Ground out 1-3 (Groundball, 13S)
|
Batting: SHB Ricardo Arévalo
|
0-0: Ball 1-0: Called Strike 1-1: Ball 2-1: Foul Ball, location: 2F 2-2: Ball 3-2: Base on Balls
|
Batting: RHB Dick Slagboom
|
0-0: Ball 1-0: Ball 2-0: Ball 3-0: Called Strike 3-1: Called Strike 3-2: Foul Ball, location: 2F 3-2: Base on Balls Ricardo Arévalo to second
|
Batting: RHB Vicente Vélez
|
0-0: Called Strike 0-1: Ball 1-1: Foul Ball, location: 2F 1-2: SINGLE (Flyball, 89S) Ricardo Arévalo to third Dick Slagboom to second Runner from 3rd tries for Home, SAFE, no throw
|
Batting: LHB Raúl Casillán
|
0-0: Called Strike 0-1: Swinging Strike 0-2: Ball 1-2: Ball 2-2: SINGLE (Groundball, 4MD) Dick Slagboom to third Vicente Vélez to second Runner from 3rd tries for Home, SAFE, no throw
|
Pitching: RHP Sergio Torres
|
|
Batting: RHB William Farmer
|
0-0: Ball 1-0: Ball 2-0: Called Strike 2-1: Ground out 1-3 (Groundball, P)
|
Bottom of the 7th over - 2 run(s), 2 hit(s), 0 error(s), 2 left on base; Waba 9 - Wisconsin 5 |
TOP OF THE 8TH |
Waba Ducks batting - Pitching for Wisconsin Timber Rattlers : RHP Andy Parker
|
Batting: LHB José Román
|
0-0: Ball 1-0: Called Strike 1-1: Ball 2-1: Ball 3-1: Base on Balls
|
Pitching: RHP Germán Arredondo
|
|
Batting: RHB Chris Osborn
|
0-0: Ball 1-0: Ball 2-0: Swinging Strike 2-1: Ball 3-1: Base on Balls José Román to second
|
Batting: RHB Ed Small
|
0-0: Ball 1-0: Ball 2-0: Ball 3-0: Base on Balls José Román to third Chris Osborn to second
|
Batting: SHB Reynaldo Gallegos
|
0-0: Swinging Strike 0-1: Ball 1-1: Foul Ball, location: 2F 1-2: Foul Ball, location: 2F 1-2: Fielders Choice at 2nd, 5-4 (Groundball, 56) José Román scores Chris Osborn to third
|
Batting: RHB Ángelo García
|
0-0: Ball Reynaldo Gallegos is caught stealing 2nd base 1-0: Swinging Strike 1-1: Swinging Strike 1-2: Strikes out swinging
|
Top of the 8th over - 1 run(s), 0 hit(s), 0 error(s), 1 left on base; Waba 10 - Wisconsin 5 |
BOTTOM OF THE 8TH |
Wisconsin Timber Rattlers batting - Pitching for Waba Ducks : RHP Sergio Torres
|
Batting: RHB Fraser Stanton
|
0-0: Called Strike 0-1: Ball 1-1: Ball 2-1: Foul Ball, location: 2F 2-2: Fly out, F9 (Flyball, 9S)
|
Batting: RHB Miguel Hernández
|
0-0: Called Strike 0-1: Foul Ball, location: 2F 0-2: Ball 1-2: Strikes out swinging
|
Batting: RHB Danny Campbell
|
0-0: Called Strike 0-1: Foul Ball, location: 2F 0-2: Foul Ball, location: 2F 0-2: Fly out, F7 (Flyball, 7LM)
|
Bottom of the 8th over - 0 run(s), 0 hit(s), 0 error(s), 0 left on base; Waba 10 - Wisconsin 5 |
TOP OF THE 9TH |
Waba Ducks batting - Pitching for Wisconsin Timber Rattlers : RHP Germán Arredondo
|
Batting: RHB Pedro Molina
|
0-0: Ball 1-0: Ball 2-0: Ball 3-0: Called Strike 3-1: Called Strike 3-2: Base on Balls
|
Batting: RHB António Valdéz
|
0-0: Fly out, F9 (Flyball, 9LMF)
|
Batting: SHB Ed Hunter
|
0-0: Ball 1-0: Foul Ball, location: 2F 1-1: Swinging Strike 1-2: Fly out, F8 (Flyball, 89M)
|
Pitching: RHP Jerry Terry
|
|
Batting: RHB Enrico Ramos
|
0-0: Foul Ball, location: 2F 0-1: SINGLE (Groundball, 4MD) Pedro Molina to second
|
Batting: LHB José Román
|
0-0: Called Strike 0-1: Swinging Strike 0-2: Strikes out swinging
|
Top of the 9th over - 0 run(s), 1 hit(s), 0 error(s), 2 left on base; Waba 10 - Wisconsin 5 |
BOTTOM OF THE 9TH |
Wisconsin Timber Rattlers batting - Pitching for Waba Ducks : RHP Sergio Torres
|
Batting: RHB Greg King
|
0-0: Called Strike 0-1: Ball 1-1: Fly out, F8 (Flyball, 8LM)
|
Batting: SHB Ricardo Arévalo
|
0-0: Called Strike 0-1: Ball 1-1: Called Strike 1-2: Fly out, F8 (Flyball, 8LS)
|
Batting: RHB Dick Slagboom
|
0-0: Foul Ball, location: 2F 0-1: Foul Ball, location: 2F 0-2: Ball 1-2: Ground out 6-3 (Groundball, 6D)
|
Bottom of the 9th over - 0 run(s), 0 hit(s), 0 error(s), 0 left on base; Waba 10 - Wisconsin 5 |
|
Thursday, March 30th, 2017 - OOTP Baseball 17.12 Build 75
|
|